 Dungeon Crawl Stone Soup version 0.22-a0-799-g88f5e907b7 (webtiles) character file.

214 Htamos the Twirler (level 5, -5/46 HPs)
             Began as a Minotaur Gladiator on July 21, 2018.
             Was an Initiate of Okawaru.
             Slain by a hippogriff (9 damage)
             ... on level 4 of the Dungeon.
             The game lasted 00:05:42 (3023 turns).

Htamos the Twirler (Minotaur Gladiator)             Turns: 3023, Time: 00:05:42

Health: -5/46      AC:  5    Str: 19    XL:     5   Next: 59%
Magic:  4/4        EV: 13    Int:  5    God:    Okawaru [......]
Gold:   152        SH:  0    Dex: 12    Spells: 4/4 levels left

rFire    . . .     SeeInvis .   a - +0 quarterstaff
rCold    . . .     Gourm    .   (shield currently unavailable)
rNeg     . . .     Faith    .   i - +0 ring mail
rPois    .         Spirit   .   c - +0 hat
rElec    .         Reflect  .   (no cloak)
rCorr    .         Harm     .   (no gloves)
MR       .....                  (no boots)
Stlth    +.........             (no amulet)
HPRegen  0.15/turn              (no ring)
MPRegen  0.09/turn              (no ring)

@: no status effects
A: retaliatory headbutt, horns 2
a: Renounce Religion


You were on level 4 of the Dungeon.
You worshipped Okawaru.
Okawaru was noncommittal.
You were hungry.

You visited 1 branch of the dungeon, and saw 4 of its levels.

You collected 152 gold pieces.

Inventory:

Hand Weapons
 a - a +0 quarterstaff (weapon)
Missiles
 d - 3 throwing nets (quivered)
Armour
 b - a +0 leather armour
 c - a +0 hat (worn)
 i - a +0 ring mail (worn)
 o - a +2 robe of resistance
 p - a +0 buckler
Jewellery
 g - a +3 ring of evasion {unknown}
 v - an uncursed ring of ice {unknown}
Wands
 w - a wand of paralysis (11)
Scrolls
 e - 5 scrolls of teleportation {unknown}
 h - a scroll of remove curse {unknown}
 n - 2 scrolls of identify {unknown}
 r - a scroll of magic mapping {unknown}
 s - a scroll of immolation {unknown}
 u - a scroll of enchant armour {unknown}
Potions
 j - a potion of magic {unknown}
 l - 2 potions of degeneration {unknown}
 m - a potion of lignification {unknown}
 q - 2 potions of heal wounds {unknown}
 t - a potion of might {unknown}
Comestibles
 f - 6 rations


   Skills:
 + Level 4.1 Fighting
 * Level 5.2 Staves
 - Level 3.0 Throwing
 + Level 4.5 Dodging


You had 4 spell levels left.
You didn't know any spells.
Your spell library was empty.

Dungeon Overview and Level Annotations

Branches:
Dungeon (4/15)
 Temple: D:4-7

Altars:
Dithmenos
Gozag
Nemelex Xobeh
Okawaru
Uskayaw
Xom

Shops:
D:2 *


Innate Abilities, Weirdness & Mutations

You reflexively headbutt those who attack you in melee.
You have a pair of horns on your head.


Message History

The hippogriff claws you.
* * * LOW HITPOINT WARNING * * *
An orc comes into view. It is wielding a hand axe.
You feel better. The hippogriff bites you.
* * * LOW HITPOINT WARNING * * *
The hippogriff closely misses you. x2
You sock the hippogriff!
The hippogriff is almost dead.
The hippogriff bites you.
* * * LOW HITPOINT WARNING * * *
The hippogriff pecks you but does no damage.
The hippogriff claws you but does no damage.
Unknown command.
You barely miss the hippogriff.
The hippogriff is almost dead.
The hippogriff bites you but does no damage.
The hippogriff pecks you but does no damage.
The hippogriff claws you but does no damage.
The hippogriff bites you!
You die...

#.......###....#
.......#.... .# .
......#.#.#... ..##+##
#..#..#.#.#...
........###..#........
.............#..#.#.####
#...o.H####............#
##+#.@......>.........
#.........#######+#.#<.#
#.........# ........#..#
#.........# ........#.##
#.(.......# .........##
#.........# .........
#.........# ..........
#.........# ..........
........# .......##.#


You could see a hippogriff and an orc.

Vanquished Creatures
  A hound (D:3)
  An orc wizard (D:3)
  Robin (D:2)
  2 adders (D:2)
  2 oozes
  3 dart slugs
  3 leopard geckos (D:3)
  3 orcs (D:3)
  A ball python (D:3)
  7 bats
  16 giant cockroaches
  14 hobgoblins
  4 jackals (D:3)
  4 quokkas
  3 frilled lizards
  17 goblins
  7 kobolds
  A leopard gecko skeleton (D:3)
  9 rats
99 creatures vanquished.

Notes
Turn   | Place    | Note
-------+----------+-------------------------------------------
     0 | D:1      | Htamos the Minotaur Gladiator began the quest for the Orb.
     0 | D:1      | Reached XP level 1. HP: 18/18 MP: 0/0
    92 | D:1      | Found an iron altar of Okawaru.
   101 | D:1      | Became a worshipper of Warmaster Okawaru
   257 | D:1      | Reached XP level 2. HP: 21/25 MP: 1/1
   901 | D:1      | Reached skill level 4 in Staves
  1012 | D:2      | Reached XP level 3. HP: 31/31 MP: 2/2
  1124 | D:2      | Found an opulent altar of Gozag.
  1151 | D:2      | Found Gozag's Platinum Reserve.
  1457 | D:2      | Found a sparkling altar of Nemelex Xobeh.
  1585 | D:2      | Found a hide-covered altar of Uskayaw.
  1681 | D:2      | Found a faded altar of an unknown god.
  1928 | D:3      | Reached XP level 4. HP: 38/38 MP: 3/3
  1963 | D:3      | Noticed Robin
  2194 | D:2      | Killed Robin
  2313 | D:3      | Reached XP level 5. HP: 46/46 MP: 4/4
  2399 | D:3      | Found a shimmering altar of Xom.
  2416 | D:3      | Found a shimmering altar of Xom.
  2416 | D:3      | Found a shimmering altar of Xom.
  2417 | D:3      | Found a shimmering altar of Xom.
  2418 | D:3      | Found a shimmering altar of Xom.
  2418 | D:3      | Found a shimmering altar of Xom.
  2473 | D:3      | Found a shimmering altar of Xom.
  2620 | D:3      | Reached skill level 5 in Staves
  2858 | D:3      | Found a shadowy altar of Dithmenos.
  3010 | D:4      | Noticed a hippogriff
  3023 | D:4      | Slain by a hippogriff

Vault maps used:
D:1:      dpeg_arrival_round_c, okawaru_ov_weapons_minmay
D:2:      nicolae_gozag_zags_fifth_avenue, eat_drink_and_be_merry_uskayaw,
          first_ration, chequers_ecumenical_altar_island,
          nemelex_lonely_heart_becter
D:3:      minmay_roachtagon, grunt_dithmenos_smoke_and_mirrors,
          nicolae_xom_altar_mimics, uniq_robin

Skill      XL: |  1  2  3  4  5 |
---------------+----------------+-----
Staves         | 4 5 |  5.2
Fighting       | 3 4 |  4.1
Dodging        | 4 |  4.5
Throwing       | 3 |  3.0

Action                   |  1- 3 |  4- 6 || total
-------------------------+-------+-------++-------
Melee: Quarterstaff      |    82 |   126 ||   208
       Headbutt          |    13 |    21 ||    34
  Use: Potion            |       |     3 ||     3
 Stab: Sleeping          |     1 |       ||     1
  Eat: Chunk             |     3 |     3 ||     6
Armor: Leather armour    |     3 |       ||     3
       Robe              |    17 |    36 ||    53
       Ring mail         |       |    13 ||    13
Dodge: Dodged            |    50 |    95 ||   145

Table legend:
 A = Spawn XP
 B = Non-spawn XP
 C = Spawn XP percentage of total XP
 D = Spawn monster count
 E = Non-spawn monster count
 F = Spawn count percentage of total count
 G = Total turns spent on level
                    A         B        C        D         E        F      G
               +---------+---------+-------+---------+---------+-------+---------
         Total |       0 |     306 |   0.0 |       0 |      99 |   0.0 |  3023
               +---------+---------+-------+---------+---------+-------+---------
           D:1 |       0 |      28 |   0.0 |       0 |      18 |   0.0 |  1008
           D:2 |       0 |      90 |   0.0 |       0 |      28 |   0.0 |  1147
           D:3 |       0 |     179 |   0.0 |       0 |      51 |   0.0 |   813
           D:4 |       0 |       9 |   0.0 |       0 |       2 |   0.0 |    55
               +---------+---------+-------+---------+---------+-------+---------
